 Dungeon Crawl Stone Soup version 0.23-a0-391-g8c51ad5 (webtiles) character file.

2540 riellis the Insei (level 9, -4/91 HPs)
             Began as an Octopode Transmuter on Oct 30, 2018.
             Was a Follower of Ru.
             Slain by a sky beast (6 damage)
             ... on level 8 of the Dungeon.
             The game lasted 00:37:22 (11215 turns).

riellis the Insei (Octopode Transmuter)            Turns: 11215, Time: 00:37:22

Health: -4/91      AC: 24    Str:  7    XL:     9   Next: 55%
Magic:  11/12      EV:  2    Int: 24    God:    Ru [*.....]
Gold:   286        SH:  0    Dex: 12    Spells: 2/12 levels left

rFire    . . .     SeeInvis .   i - +1 dagger (drain)
rCold    + . .     Gourm    .   (no shield)
rNeg     + + +     Faith    .   (helmet currently unavailable)
rPois    +         Spirit   .   (no amulet)
rElec    .         Reflect  .   H - ring of protection from fire
rCorr    .         Harm     .   k - ring of ice
MR       .....     NoTele   +   K - ring of poison resistance
Stlth    ++........             (no ring)
HPRegen  0.25/turn              (no ring)
MPRegen  0.13/turn              (no ring)
                                (no ring)
                                (no ring)

@: brilliant, lethally poisoned (-4 -> -11), tree-form, hasted, very quick
A: almost no armour, stealthy swim, (amphibious), 8 rings, (constrict 8), weak
1, magic vulnerability 1
a: Renounce Religion


You were on level 8 of the Dungeon.
You worshipped Ru.
Ru was aware of your devotion.
You were not hungry.
You were a tree.
You visited 1 branch of the dungeon, and saw 8 of its levels.
You also visited: Sewer.

You collected 286 gold pieces.

Inventory:

Hand Weapons
 e - a +2 short sword of venom
 f - a +2 dagger of freezing
 i - a +1 dagger of draining (weapon)
 m - a +0 spear
 r - a +0 blowgun
 y - a +0 scimitar
 G - a +1 short sword of draining
Missiles
 a - 78 arrows
 d - 221 stones
 g - 2 throwing nets
 j - 3 tomahawks of dispersal
 p - 28 poisoned needles
 z - 6 tomahawks (quivered)
Armour
 h - a +0 shield
Jewellery
 k - a ring of ice (right branch)
 q - an uncursed ring of flight
 H - a ring of protection from fire (left branch)
 K - a ring of poison resistance (on tentacle)
Wands
 F - a wand of enslavement (8)
Scrolls
 o - a scroll of immolation {unknown}
 u - 2 scrolls of identify
 v - 2 scrolls of amnesia {unknown}
 w - a scroll of blinking
 x - 3 scrolls of remove curse
 A - 2 scrolls of noise {unknown}
 B - 4 scrolls of teleportation
 C - 2 scrolls of enchant armour {unknown}
 D - a scroll of magic mapping {unknown}
 E - 2 scrolls of fear
Potions
 b - 5 potions of flight
 l - a potion of haste
 n - 2 potions of might
 s - a potion of lignification
 t - a potion of mutation
Comestibles
 c - 10 rations
 I - 3 chunks of flesh


   Skills:
 + Level 5.2 Fighting
 + Level 6.4 Dodging
 - Level 3.0 Stealth
 + Level 6.9 Unarmed Combat
 - Level 2.0 Spellcasting
 - Level 5.1 Transmutations
 + Level 3.5 Ice Magic
 - Level 4.0 Poison Magic


You had 2 spell levels left.
You knew the following spells:

 Your Spells              Type           Power        Failure   Level  Hunger
a - Beastly Appendage     Tmut           #####.       1%          1    #......
b - Sticks to Snakes      Tmut           #####...     1%          2    ##.....
c - Spider Form           Tmut/Pois      #####.....   1%          3    ###....
d - Ice Form              Ice/Tmut       ######..     2%          4    #####..

Your spell library contained the following spells:

 Spells                   Type           Power        Failure   Level  Hunger
 Blade Hands              Tmut           #####.....   4%          5    ######.


Dungeon Overview and Level Annotations

Branches:
Dungeon (8/15)             Temple (0/1) D:6
   Lair: D:8-11

Altars:
Hepliaklqana
Ru
Trog
Vehumet
Zin
The Shining One

Shops:
D:4 (

Annotations:
D:5 2 runed doors, cellescent's ghost, amateur DsWn


Innate Abilities, Weirdness & Mutations

You cannot wear most types of armour.
You are very stealthy in the water. (Stealth+)
((You are amphibious.))
You can wear up to eight rings at the same time.
((You can use your tentacles to constrict eight enemies at once.))
((Your skin changes colour to match your surroundings (Stealth+).))
You are weak. (Str -2)
((Your rubbery body absorbs attacks. (AC +1, EV +1)))
You are slightly vulnerable to magic. (MR-)


Message History

The killer bee stings you but does no damage. x2
Something hits you but does no damage. The killer bee stings you.
* * * LOW HITPOINT WARNING * * *
You are lethally poisoned!
The killer bee poisons you!
The killer bee stings you but does no damage.
You hit the killer bee but do no damage.
* * * LOW HITPOINT WARNING * * *
You feel sick.
The killer bee stings you but does no damage. x2
Something hits you but does no damage.
Okay, then.
Okay, then.
It was a potion of brilliance.
You feel clever all of a sudden.
The killer bee stings you but does no damage. x3
Something hits you.
* * * LOW HITPOINT WARNING * * *
Something shocks you.
You die...

#...................
#...................
#...<............
.#........<......$
.................###
##............#....# #.
#......#.###.#....###.
#......##÷##.......#... ....
###.........{♣.#. .... ....
#.#.........yy.# ##... ....
...........#..####..# #... ..
#.......).##.(.....#### ....
..##...(.....)†.##.(.§##.###...
#.....$....########......##...#
..............# ##...##.{oZ.<#
..............##.........o..##
...........##.....#...#oo...###


You could see 2 killer bees.

Vanquished Creatures
  Prince Ribbit (D:8)
  An ice beast (D:6)
  3 orc warriors
  A sky beast (D:6)
  A centaur (D:6)
  An ogre (D:5)
  A big kobold (Sewer)
  A bullfrog (D:8)
  3 scorpions
  A killer bee (D:8)
  3 wights (D:5)
  6 crimson imps
  2 centaur zombies
  A jelly (D:5)
  A bullfrog skeleton (D:7)
  5 hounds
  5 orc priests
  6 orc wizards
  An iguana (D:4)
  4 worker ants
  A hound zombie (D:5)
  A worker ant zombie (D:7)
  A howler monkey skeleton (D:5)
  7 adders
  3 river rats
  3 shadow imps
  2 oozes
  3 adder skeletons
  A worm (D:3)
  3 dart slugs
  3 leopard geckos
  15 orcs
  3 ball pythons
  4 giant cockroaches
  8 hobgoblins
  6 jackals
  3 quokkas
  5 bats
  8 frilled lizards
  8 goblins
  A goblin skeleton (D:6)
  A goblin zombie (D:6)
  A hobgoblin zombie (D:6)
  10 kobolds
  A kobold zombie (D:6)
  An orc skeleton (D:6)
  An orc zombie (D:6)
  A quokka skeleton (D:4)
  13 rats
166 creatures vanquished.

Vanquished Creatures (collateral kills)
  A scorpion (D:2)
  A howler monkey (D:6)
  An orc wizard (D:6)
  An iguana (D:3)
  An orc (D:6)
  A ball python (D:5)
  A rat (Sewer)
7 creatures vanquished.

Vanquished Creatures (others)
  A hound skeleton (D:8)
1 creature vanquished.

Grand Total: 174 creatures vanquished

Notes
Turn   | Place    | Note
-------+----------+-------------------------------------------
     0 | D:1      | riellis the Octopode Transmuter began the quest for the
                  | Orb.
     0 | D:1      | Reached XP level 1. HP: 13/13 MP: 3/3
    92 | D:1      | Reached XP level 2. HP: 18/18 MP: 3/5
    97 | D:1      | Learned a level 2 spell: Sticks to Snakes
   197 | D:1      | Reached skill level 1 in Stealth
   651 | D:1      | Reached XP level 3. HP: 23/23 MP: 4/6
  1553 | D:2      | Found a bloodstained altar of Trog.
  1553 | D:2      | Found a radiant altar of Vehumet.
  1734 | D:2      | Found a faded altar of an unknown god.
  1745 | D:2      | Noticed a scorpion
  1860 | D:2      | Killed a scorpion
  1860 | D:2      | Reached XP level 4. HP: 19/28 MP: 2/7
  2225 | D:3      | Learned a level 3 spell: Spider Form
  2334 | D:3      | Reached skill level 1 in Poison Magic
  2334 | D:3      | Reached XP level 5. HP: 22/33 MP: 1/8
  2546 | D:3      | Found a glowing drain.
  2582 | Sewer    | Entered a sewer
  2904 | Sewer    | Noticed a big kobold
  2929 | Sewer    | Killed a big kobold
  2929 | Sewer    | Reached XP level 6. HP: 22/38 MP: 7/9
  3267 | Sewer    | Found a glowing silver altar of Zin.
  4038 | D:3      | Found a glowing golden altar of the Shining One.
  4040 | D:3      | Found a hazy altar of Hepliaklqana.
  4040 | D:3      | Found a sacrificial altar of Ru.
  4045 | D:3      | Became a worshipper of Ru the Awakened
  4544 | D:4      | Found Usai's Antique Weapon Shoppe.
  4717 | D:4      | Reached XP level 7. HP: 39/43 MP: 8/10
  5358 | D:4      | Found a glowing silver altar of Zin.
  5616 | D:5      | Entered Level 5 of the Dungeon
  5799 | D:5      | Found a runed door.
  5814 | D:5      | Noticed cellescent's ghost (amateur DsWn)
  6112 | D:5      | Found a runed door.
  6275 | D:5      | Reached skill level 5 in Unarmed Combat
  6284 | D:5      | Learned a level 4 spell: Ice Form
  6286 | D:5      | Gained mutation: You are weak. (Str -2) [Ru sacrifice]
  6487 | D:5      | Reached XP level 8. HP: 23/51 MP: 11/11
  7677 | D:6      | Found a glowing golden altar of the Shining One.
  7916 | D:6      | Reached skill level 5 in Dodging
  8005 | D:6      | Reached skill level 5 in Transmutations
  8467 | D:6      | Found a staircase to the Ecumenical Temple.
  8514 | D:6      | Reached skill level 1 in Ice Magic
  9453 | D:7      | Reached XP level 9. HP: 58/59 MP: 9/12
 10133 | D:7      | Gained mutation: You are slightly vulnerable to magic.
                  | (MR-) [Ru sacrifice]
 10133 | D:7      | Reached * piety under Ru
 11149 | D:8      | Reached skill level 5 in Fighting
 11160 | D:8      | Noticed Prince Ribbit
 11202 | D:8      | Killed Prince Ribbit
 11215 | D:8      | HP: 2/91 [something (3)]
 11215 | D:8      | Slain by a sky beast

Vault maps used:
D:1:      dpeg_arrival_water_altar
D:2:      amethyst_overflow_temple_binary, chequers_ecumenical_altar_simple
D:3:      gammafunk_temple_overflow_forgotten, portal_sewer_entry_b,
          first_ration, roderic_lattice_a, minmay_misc_feat_square
D:4:      lemuel_crystal_altar, serial_shops, nicolae_shop_window_shopping,
          minmay_misc_feat_nine_boxes
D:5:      ebering_ghost_sewer_f
D:6:      minmay_temple_entry_large_hall, serial_curves, eino_curves_04,
          eino_curves_03, eino_curves_02, eino_curves_02,
          nicolae_tso_besieged_by_evil
D:8:      uniq_prince_ribbit1
Sewer:    sewer_kobolds

Skill      XL: |  1  2  3  4  5  6  7  8  9 |
---------------+----------------------------+-----
Stealth        | 1 2 3 |  3.0
Transmutations | 3 4 5 |  5.1
Poison Magic   | 1 3 4 |  4.0
Dodging        | 3 4 5 6 |  6.4
Unarmed Combat | 4 5 6 |  6.9
Fighting       | 2 4 5 |  5.2
Ice Magic      | 2 3 |  3.5
Spellcasting   | |  2.0

Action                   |  1- 3 |  4- 6 |  7- 9 || total
-------------------------+-------+-------+-------++-------
Melee: Unarmed           |    76 |    86 |   179 ||   341
       Constrict         |    24 |    27 |    36 ||    87
       Kick              |    13 |    17 |    20 ||    50
       Tentacles         |    11 |    17 |    34 ||    62
       Punch             |       |     1 |     6 ||     7
       Scimitar          |       |    19 |       ||    19
       Dagger            |       |     6 |   176 ||   182
       Short sword       |       |       |     5 ||     5
Throw: Stone             |    17 |     3 |       ||    20
       Tomahawk          |       |       |    10 ||    10
 Cast: Beastly Appendage |    22 |    20 |    12 ||    54
       Sticks to Snakes  |     4 |     7 |     6 ||    17
       Spider Form       |       |       |    24 ||    24
Invok: Sacrifice Purity  |       |       |     1 ||     1
       Sacrifice Essence |       |       |     1 ||     1
  Use: Scroll            |       |     2 |     8 ||    10
       Potion            |       |       |    10 ||    10
 Stab: Sleeping          |    10 |    12 |    12 ||    34
       Distracted        |       |     1 |     1 ||     2
       Invisible         |       |       |     2 ||     2
  Eat: Chunk             |     3 |     7 |    17 ||    27
       Ration            |       |     1 |     2 ||     3
Armor: Skin              |     3 |     5 |    57 ||    65
Dodge: Dodged            |    44 |    71 |   286 ||   401
       Rpst.: Scimitar   |       |     5 |       ||     5

Table legend:
 A = Non-vault XP
 B = Vault XP
 C = Vault XP percentage of total XP
 D = Non-vault monster count
 E = Vault monster count
 F = Vault count percentage of total count
                 A         B        C        D         E       F
            +---------+---------+-------+---------+---------+-------
      Total |    3125 |     504 |  13.9 |     149 |      25 |  14.4
            +---------+---------+-------+---------+---------+-------
        D:1 |      46 |       0 |   0.0 |      25 |       0 |   0.0
        D:2 |      71 |       0 |   0.0 |      17 |       0 |   0.0
        D:3 |     294 |      47 |  13.8 |      23 |       6 |  20.7
        D:4 |     171 |       0 |   0.0 |      14 |       0 |   0.0
        D:5 |     688 |       0 |   0.0 |      21 |       0 |   0.0
        D:6 |     799 |      56 |   6.5 |      16 |       7 |  30.4
        D:7 |     683 |       0 |   0.0 |      24 |       0 |   0.0
        D:8 |     373 |     268 |  41.8 |       9 |       1 |  10.0
      Sewer |       0 |     133 | 100.0 |       0 |      11 | 100.0
            +---------+---------+-------+---------+---------+-------
